 Dungeon Crawl Stone Soup version 0.31.0-12-g77e489cdc1 (webtiles) character file.

Game seed: 2682952836386476938

8 Silvore the Trooper (level 2, 0/24 HPs)
             Began as a Demonspawn Fighter on Feb 12, 2024.
             Slain by an adder (1 damage)
             ... on level 3 of the Dungeon.
             The game lasted 00:00:21 (138 turns).

Silvore the Trooper (Demonspawn Fighter)             Turns: 138, Time: 00:00:22

Health: 0/24       AC:  6    Str: 16    XL:     2   Next: 0%
Magic:  2/2        EV:  8    Int:  8    God:
Gold:   15         SH:  4    Dex: 12    Spells: 1/1 levels left

rFire   . . .        a - +0 long sword
rCold   . . .        c - +0 buckler
rNeg    . . .        b - +0 scale mail
rPois   .            (no helmet)
rElec   .            (no cloak)
rCorr   .            (no gloves)
SInv    .            (no boots)
Will    .....        (no amulet) Stlth
                     (no ring)
HPRegen 0.24/turn    (no ring)
MPRegen 0.08/turn

%: no passive effects
@: lethally poisoned (0 -> -5)
A: demonic touch 1
a: no special abilities


You were on level 3 of the Dungeon.
You visited 1 branch of the dungeon, and saw 3 of its levels.

You collected 15 gold pieces.

Inventory:

Hand Weapons
 a - a +0 long sword (weapon)
Armour
 b - a +0 scale mail (worn)
 c - a +0 buckler (worn)
Scrolls
 f - a scroll of revelation {unknown}
Potions
 d - a potion of might
 e - a potion of mutation {unknown}


   Skills:
 + Level 3.2 Fighting
 + Level 1.9 Long Blades
 + Level 2.7 Armour
 + Level 2.9 Shields


You had one spell level left.
You didn't know any spells.
Your spell library was empty.

Dungeon Overview and Level Annotations

Branches:
Dungeon (3/15)

Altars:


Innate Abilities, Weirdness & Mutations

Your touch may inflict minor irresistible damage on your foes.


Message History

The giant cockroach bites you but does no damage.
You climb downwards.
The adder hisses angrily.
Found 3 stones.
Found an escape hatch in the ceiling and an escape hatch in the floor.
There is a stone staircase leading up here.
The bat hits you but does no damage. The giant cockroach bites you.
The bat barely misses you.
The giant cockroach bites you but does no damage.
The bat hits you but does no damage. x2; The adder barely misses you.
The giant cockroach bites you but does no damage.
The adder bites you.
You are poisoned.
The adder poisons you! You block the giant cockroach's attack.
The bat hits you. The adder bites you.
You are more poisoned.
The adder poisons you! You block the giant cockroach's attack.
You feel very sick. The bat hits you but does no damage.
The adder closely misses you.
The giant cockroach bites you but does no damage.
You feel sick. You block the bat's attack.
The adder bites you but does no damage. You block the giant cockroach's attack.
You feel sick. The bat hits you but does no damage. The adder bites you.
* * * LOW HITPOINT WARNING * * *
The giant cockroach barely misses you. You block the adder's attack.
You feel sick. You block the bat's attack.
You block the giant cockroach's attack. The adder bites you.
* * * LOW HITPOINT WARNING * * *
You are lethally poisoned!
The adder poisons you!
* * * LOW HITPOINT WARNING * * *
You feel sick.
The giant cockroach bites you but does no damage.
The bat hits you but does no damage. You block the adder's attack.
The giant cockroach barely misses you.
* * * LOW HITPOINT WARNING * * *
You feel sick. The bat hits you.
* * * LOW HITPOINT WARNING * * *
The adder bites you.
You die...

## .........#
..##........#
#..#........###
#.............
###..........#
.............#
#...S.B....##
#.b.@......#
........(.....#
#.#.#.#....<...
......#.......
. #.# # .......
... ......> ..#
..##.#. .. ###
..


You could see an adder, a giant cockroach and a bat.

Vanquished Creatures
  A dart slug (D:1)
  A ball python (D:1)
  2 jackals (D:1)
  A goblin (D:1)
  A rat (D:1)
6 creatures vanquished.

Notes
Turn   | Place    | Note
-------+----------+-------------------------------------------
     0 | D:1      | Silvore the Demonspawn Fighter began the quest for the Orb.
     0 | D:1      | Reached XP level 1. HP: 18/18 MP: 1/1
   112 | D:1      | Gained mutation: Your touch may inflict minor irresistible
                  | damage on your foes. [demonic ancestry]
   112 | D:1      | Reached XP level 2. HP: 15/24 MP: 2/2
   138 | D:3      | HP: 1/24 [bat (1)]
   138 | D:3      | Slain by an adder

Illustrated notes

Levels and vault maps discovered:
D:1:      wander_arrival_desolate, layout_basic, serial_rivers,
          chequers_serial_rivers_micro_c, chequers_serial_rivers_marsh,
          chequers_serial_rivers_micro_d, chequers_serial_rivers_micro_d
D:2:      layout_rooms, basic_ecumenical_altar, interstate_on_off
D:3:      layout_rooms, minmay_misc_feat_alley, st_stairs_13

Action                     || total
---------------------------++-------
  Melee: Long sword        ||    20
 Armour: Scale mail        ||    38
  Dodge: Dodged            ||    11
  Block: Buckler           ||    16
